 Seeded DCSS version 0.28-a0-823-gb444dcf96d (webtiles) character file.

Game seed: 20211115 (custom seed)

1482 a11behringer the Basher (level 8, -7/49 HPs)
             Began as a Gargoyle Fighter on Nov 10, 2021.
             Mangled by Duvessa (14 damage)
             ... on level 6 of the Dungeon.
             The game lasted 00:15:56 (5310 turns).

a11behringer the Basher (Gargoyle Fighter)          Turns: 5310, Time: 00:15:56

Health: -7/49      AC: 24    Str: 22    XL:     8   Next: 79%
Magic:  0/8        EV:  8    Int:  8    God:
Gold:   328        SH:  5    Dex: 13    Spells: 7/7 levels left

rFire   . . .      SeeInvis .   a - +1 flail
rCold   . . .      Faith    .   c - +0 buckler
rNeg    + . .      Spirit   +   u - +0 chain mail
rPois   ∞          Reflect  .   (no helmet)
rElec   +          Harm     .   f - +1 cloak
rCorr   .          Rampage  .   l - +1 pair of gloves {Dex+3}
Will    .....                   (no boots)
Stlth   ..........              d - amulet of guardian spirit
HPRegen 0.16/turn               s - ring of flight
MPRegen 0.11/turn               y - +4 ring of protection

@: lit by a corona, flying, hasted, glowing, very quick
A: sickness immunity, AC +5, negative energy resistance 1, electricity
resistance, torment resistance 1, petrification resistance
a: no special abilities


You were on level 6 of the Dungeon.
You visited 1 branch of the dungeon, and saw 6 of its levels.

You collected 328 gold pieces.

Inventory:

Hand Weapons
 a - a +1 flail (weapon)
Missiles
 k - 42 arrows
 w - 16 bolts
Armour
 b - a +0 scale mail
 c - a +0 buckler (worn)
 f - a +1 cloak (worn)
 h - a +0 kite shield
 l - a +1 pair of gloves of dexterity (worn)
 u - a +0 chain mail (worn)
Jewellery
 d - an amulet of guardian spirit (around neck)
 i - a ring of fire
 n - a ring of resist corrosion
 s - a ring of flight (left hand)
 y - a +4 ring of protection (right hand)
Wands
 B - a wand of flame (10)
Scrolls
 g - 2 scrolls of blinking
 p - a scroll of enchant armour
 x - a scroll of teleportation
 z - 2 scrolls of magic mapping
 A - a scroll of fog
Potions
 e - a potion of ambrosia {unknown}
 j - a potion of attraction
 m - a potion of mutation
 q - a potion of curing {unknown}
 r - a potion of heal wounds {unknown}
 t - a potion of cancellation
 v - a potion of degeneration {unknown}


   Skills:
 + Level 5.0 Fighting
 * Level 9.0 Maces & Flails
 + Level 5.4 Armour
 - Level 1.1 Dodging
 - Level 4.0 Shields


You had 7 spell levels left.
You didn't know any spells.
Your spell library contained the following spells:

 Spells                   Type           Power      Damage    Failure   Level
 Blink                    Tloc           0%         N/A       99%         2
 Static Discharge         Conj/Air       0%         N/A       99%         2
 Gell's Gravitas          Tloc           0%         N/A       100%        3
 Ignite Poison            Fire/Tmut/Pois 0%         N/A       100%        3
 Lesser Beckoning         Tloc           0%         N/A       100%        3
 Mephitic Cloud           Conj/Pois/Air  0%         N/A       100%        3
 Ozocubu's Armour         Ice            0%         N/A       100%        3
 Teleport Other           Tloc           0%         N/A       100%        3
 Dispel Undead            Necr           0%         3d6       100%        4
 Sticky Flame             Conj/Fire      0%         2d3       100%        4
 Freezing Cloud           Conj/Ice/Air   0%         6-21      100%        5
 Manifold Assault         Tloc           0%         N/A       100%        5
 Metabolic Englaciation   Hex/Ice        0%         N/A       100%        5
 Simulacrum               Ice/Necr       0%         N/A       100%        6


Dungeon Overview and Level Annotations

Branches:
Dungeon (6/15)
 Temple: D:4-7

Altars:
Dithmenos
Ru
Xom

Shops:
D:4 [   D:5 =

Annotations:
D:6 Duvessa


Innate Abilities, Weirdness & Mutations

You are immune to sickness and miasma.
Your stone body is resilient. (AC +5)
You are immune to poison.
You resist negative energy. (rN+)
You are resistant to electric shocks. (rElec)
You are resistant to unholy torment.
You are immune to petrification.


Message History

An orc comes into view. It is wielding a +0 short sword.
Dowan gestures at you while chanting. The puff of flame hits you.
Duvessa hits you with a +0 short sword of speed.
The orc shouts!
You sock Dowan!
You kill Dowan!
Duvessa screams, "No!
How DARE you!"
Duvessa goes berserk!
You hear an angry growl.
Duvessa hits you but does no damage.
Duvessa hits you with a +0 short sword of speed!
Your Maces & Flails skill increases to level 9!
You barely miss Duvessa. Duvessa hits you but does no damage. x2
You hit Duvessa but do no damage. Duvessa hits you but does no damage.
You block Duvessa's attack.
You hit Duvessa.
Duvessa is lightly wounded.
Duvessa hits you but does no damage.
An orc comes into view. It is wielding a +0 flail.
Duvessa hits you with a +0 short sword of speed!
You closely miss Duvessa.
Duvessa is lightly wounded.
The orc shouts!
You hear a shout!
Duvessa hits you with a +0 short sword of speed.
Duvessa hits you with a +0 short sword of speed!
* * * LOW HITPOINT WARNING * * *
You hit Duvessa but do no damage.
Duvessa is lightly wounded.
You block Duvessa's attack.
An orc wizard comes into view. It is wielding a +0 dagger.
Duvessa hits you with a +0 short sword of speed.
* * * LOW HITPOINT WARNING * * *
You barely miss Duvessa.
Duvessa is lightly wounded.
Duvessa barely misses you. Duvessa hits you but does no damage.
The orc closely misses you.
You feel yourself speed up. Duvessa hits you but does no damage.
Duvessa hits you with a +0 short sword of speed!
You die...

######.
######.......
#............
#............
#...<........
#............
#...........#
##...@...)..#
###.eo[....#
#.......##
##....$.#
###..o..#
#..o.. #....
#...


You could see Duvessa (berserk), an orc wizard and 2 orcs.

Vanquished Creatures
  Sigmund (D:5)
  A water moccasin (D:5)
  An ice beast (D:5)
  An ogre (D:5)
  A phantom (D:5)
  A gnoll sergeant (D:5)
  3 scorpions (D:5)
  Dowan (D:6)
  6 killer bees (D:5)
  A centaur zombie (D:5)
  A hound (D:5)
  A bullfrog skeleton (D:5)
  2 jellies (D:5)
  An orc wizard (D:5)
  2 iguanas
  7 adders
  5 gnolls
  An ufetubus (D:4)
  An adder skeleton (D:4)
  A worm (D:4)
  A dart slug (D:5)
  2 orcs (D:5)
  3 ball pythons (D:2)
  8 endoplasms
  13 giant cockroaches
  3 goblins
  3 hobgoblins
  4 jackals
  4 quokkas
  3 bats
  3 frilled lizards
  8 kobolds
  3 rats
97 creatures vanquished.

Vanquished Creatures (others)
  3 plants (D:4)
3 creatures vanquished.

Grand Total: 100 creatures vanquished

Notes
Turn   | Place    | Note
-------+----------+-------------------------------------------
     0 | D:1      | a11behringer the Gargoyle Fighter began the quest for the
                  | Orb.
     0 | D:1      | Reached XP level 1. HP: 14/14 MP: 1/1
   562 | D:1      | Reached XP level 2. HP: 19/19 MP: 2/2
  1214 | D:1      | Reached XP level 3. HP: 14/23 MP: 3/3
  1674 | D:2      | Reached skill level 3 in Maces & Flails
  1858 | D:2      | Reached XP level 4. HP: 29/29 MP: 4/4
  3122 | D:4      | Reached skill level 4 in Maces & Flails
  3122 | D:4      | Reached XP level 5. HP: 21/33 MP: 5/5
  3128 | D:4      | Found a sacrificial altar of Ru.
  3340 | D:4      | Found Geaga's Antique Armour Emporium.
  3853 | D:4      | Found a shimmering altar of Xom.
  3853 | D:4      | Found a shadowy altar of Dithmenos.
  3894 | D:5      | Entered Level 5 of the Dungeon
  3894 | D:5      | Found Lysmogu's Jewellery Emporium.
  3941 | D:5      | Noticed a water moccasin
  3949 | D:5      | Reached XP level 6. HP: 38/38 MP: 6/6
  3964 | D:5      | Killed a water moccasin
  3965 | D:5      | Reached skill level 5 in Maces & Flails
  4094 | D:5      | Noticed Sigmund
  4108 | D:5      | Killed Sigmund
  4109 | D:5      | Reached skill level 6 in Maces & Flails
  4109 | D:5      | Reached skill level 1 in Dodging
  4109 | D:5      | Reached XP level 7. HP: 35/43 MP: 7/7
  4138 | D:5      | Reached skill level 7 in Maces & Flails
  4569 | D:5      | Reached XP level 8. HP: 40/48 MP: 8/8
  4711 | D:5      | Reached skill level 8 in Maces & Flails
  4711 | D:5      | Reached skill level 5 in Armour
  5176 | D:5      | Reached skill level 5 in Fighting
  5295 | D:6      | Noticed Dowan
  5297 | D:6      | Noticed Duvessa
  5303 | D:6      | Killed Dowan
  5304 | D:6      | Reached skill level 9 in Maces & Flails
  5310 | D:6      | Mangled by Duvessa

Illustrated notes

Levels and vault maps discovered:
D:1:      elethiomel_arrival_quiet, layout_basic
D:2:      minmay_roachtagon, layout_basic, minmay_pentomino_x4
D:3:      layout_loops_corners
D:4:      wad_pebble_path, layout_cave_pools, pf_just_have_faith,
          gammafunk_temple_overflow_elements, serial_shops,
          nicolae_shop_overgrown_old_shop
D:5:      layout_loops_ring, serial_shops, nicolae_stop_n_shop_2, uniq_sigmund
D:6:      layout_cave_pods, minmay_temple_entry_overgrown, portal_sewer_entry_d,
          uniq_duvessa

Skill      XL: |  1  2  3  4  5  6  7  8 |
---------------+-------------------------+-----
Maces & Flails | 3 4 6 7 9 |  9.0
Armour         | 4 5 |  5.4
Fighting       | 4 5 |  5.0
Dodging        | 1 |  1.1
Shields        | 4 |  4.0

Action                   |  1- 3 |  4- 6 |  7- 9 || total
-------------------------+-------+-------+-------++-------
Melee: Flail             |   123 |   165 |   139 ||   427
  Use: Scroll            |     5 |     4 |     4 ||    13
       Potion            |       |       |     3 ||     3
Armor: Scale mail        |   106 |    64 |       ||   170
       Chain mail        |       |    31 |    90 ||   121
Dodge: Dodged            |    68 |    92 |    47 ||   207
Block: Buckler           |    26 |    53 |    29 ||   108

Table legend: (Time is in decaauts)
 A = Elapsed time spent in this place.
 B = Non-inter-level travel time spent in this place.
 C = Inter-level travel time spent in this place.
 D = Time resting spent in this place.
 E = Time spent auto-exploring this place.
 F = Levels seen in this place.
 G = Mean time per level.
                   A        B        C        D        E       F      G
               +--------+--------+--------+--------+--------+-----+--------+
         Total |   5361 |   4870 |    491 |      0 |   3946 |   6 |  893.5 |
       Dungeon |   5361 |   4870 |    491 |      0 |   3946 |   6 |  893.5 |
               +--------+--------+--------+--------+--------+-----+--------+

Top non-repeatable levels by time:
     D:1: 1621 daAuts
     D:5: 1391 daAuts
     D:3: 927 daAuts
     D:4: 796 daAuts
     D:2: 610 daAuts
     D:6: 14 daAuts
